 Dungeon Sprint DCSS version 0.29-a0-359-g541a27f54d (webtiles) character file.

Game seed: 11537804758342214395

1911 rocky1 the Spear-Bearer (level 9, -1/121 HPs)
             Began as a Merfolk Berserker on Apr 27, 2022.
             Was the Champion of Trog.
             Succumbed to a redback's poison
             ... in the Dungeon (Sprint VII: "The Pits").
             The game lasted 00:03:37 (1666 turns).

rocky1 the Spear-Bearer (Merfolk Berserker)         Turns: 1666, Time: 00:03:38

Health: -1/121     AC: 19    Str: 24    XL:     9   Next: 16%
Magic:  9/9        EV: 12    Int: 10    God:    Trog [******]
Gold:   0          SH:  0    Dex: 13    Spells: 8/8 levels left

rFire   . . .      SeeInvis .   b - +7 glaive (flame)
rCold   . . .      Faith    .   (shield currently unavailable)
rNeg    . . .      Spirit   .   t - +3 plate armour
rPois   .          Reflect  .   (no helmet)
rElec   .          Harm     .   s - +0 cloak
rCorr   .          Rampage  .   r - +0 pair of gloves
Will    .....      NoTele   +   (no boots)
Stlth   ..........              (no amulet)
HPRegen 0.30/turn               k - +3 ring of strength
MPRegen 0.11/turn               n - +3 ring of intelligence

@: berserking, lethally poisoned (-1 -> -23), very quick
A: (nimble swimmer 2), mertail
a: Renounce Religion, Berserk, Trog's Hand, Brothers in Arms


You were in the Dungeon.
You worshipped Trog.
Trog was exalted by your worship.
You visited 1 branch

Inventory:

Hand Weapons
 b - a +7 glaive of flaming (weapon)
Missiles
 a - a curare-tipped dart (quivered)
Armour
 r - a +0 pair of gloves (worn)
 s - a +0 cloak (worn)
 t - a +3 plate armour (worn)
Jewellery
 k - a +3 ring of strength (left hand)
 n - a +3 ring of intelligence (right hand)
Scrolls
 h - a scroll of blinking
 j - a scroll of summoning
Potions
 c - 6 potions of curing
 d - 12 potions of heal wounds
 e - 2 potions of haste
 f - 4 potions of magic
 g - 3 potions of berserk rage
 i - 2 potions of invisibility
 o - 2 potions of might
 p - a potion of mutation


   Skills:
 + Level 11.5 Fighting
 + Level 13.6 Polearms
 + Level 7.9 Armour
 + Level 13.3 Dodging


You had 8 spell levels left.
You didn't know any spells.
Your spell library was empty.

Dungeon Overview and Level Annotations

Branches:
Dungeon (1/1)

Altars:
Ashenzari
Cheibriados
Dithmenos
Elyvilon
Fedhas
Gozag
Hepliaklqana
Kikubaaqudgha
Makhleb
Nemelex Xobeh
Okawaru
Qazlal
Ru
Sif Muna
Trog
Uskayaw
Vehumet
Wu Jian
Xom
Yredelemnul
Zin
The Shining One
Beogh
Jiyva
Lugonu


Innate Abilities, Weirdness & Mutations

((You are very nimble when in or above water. (Stealth+, EV+, Speed+++)))
Your lower body shifts to a powerful aquatic tail in water.


Message History

The redback closely misses you.
The gargoyle hurls a stone arrow at you.
The stone arrow hits you! The guardian mummy hits you.
You are too injured to fight recklessly!
You are too injured to fight recklessly!
You slice the guardian mummy!! You burn the guardian mummy.
You destroy the guardian mummy!
Trog accepts your kill. Trog grants you a weapon!
Something appears at your feet!
You see here a +4 antimagic glaive.
You feel extremely nervous for a moment...
Pain shoots through your body!
* * * LOW HITPOINT WARNING * * *
x2 You feel very sick.
The redback bites you but does no damage.
Your Dodging skill increases to level 13!
You have reached level 9!
Your experience leads to an increase in your attributes!
Your base attributes are Str 19, Int 7, Dex 13.
Increase (S)trength, (I)ntelligence, or (D)exterity?
You feel stronger. x2
Unknown command.
You slash the redback! You burn the redback.
The redback is moderately wounded.
* * * LOW HITPOINT WARNING * * *
You feel very sick. The redback bites you.
* * * LOW HITPOINT WARNING * * *
The gargoyle hits you but does no damage.
You slice the redback!! You burn the redback!
You kill the redback!
Trog accepts your kill.
* * * LOW HITPOINT WARNING * * *
You feel very sick.
The gargoyle hits you but does no damage.
Unknown command.
You slice the gargoyle!! You burn the gargoyle.
You destroy the gargoyle!
Trog accepts your kill.
You die...

#..##.......##......#
#'###...<...###....##
...##.......# ##'†##
...##.......###....##
#####.......##......#
#..###########......+
#.############......#
#)#....#..).###....##
#'#....#.!.[# ##@'##
#.'....'..))# #).†.#
#'#....#.!).##......#
).#....#..))##......#
#####################


There were no monsters in sight!

Vanquished Creatures
  A gargoyle (D)
  A komodo dragon (D)
  A guardian mummy (D)
  A flying skull (D)
  Sigmund (D)
  2 shadows (D)
  A fire bat (D)
  A fire elemental (D)
  A redback (D)
  A warg (D)
  A floating eye (D)
  A kobold brigand (D)
  A scorpion (D)
  Jessica (D)
  A gnoll (D)
  A river rat (D)
  An ufetubus (D)
  An adder zombie (D)
  A giant cockroach (D)
  2 hobgoblins (D)
  4 jackals (D)
  A quokka (D)
  2 frilled lizards (D)
  A goblin (D)
  A kobold (D)
  2 rats (D)
33 creatures vanquished.

Notes
Turn   | Place    | Note
-------+----------+-------------------------------------------
     0 | D        | rocky1 the Merfolk Berserker began the quest for the Orb.
     0 | D        | Reached XP level 1. HP: 18/18 MP: 1/1
    22 | D        | Found a bloodstained altar of Trog.
    22 | D        | Found a shimmering blue altar of Sif Muna.
    22 | D        | Found a viscous altar of Jiyva.
    22 | D        | Found a hazy altar of Hepliaklqana.
    22 | D        | Found an opulent altar of Gozag.
    23 | D        | Found a glowing golden altar of the Shining One.
    23 | D        | Found a glowing silver altar of Zin.
    23 | D        | Found a basalt altar of Yredelemnul.
    23 | D        | Found a shimmering altar of Xom.
    23 | D        | Found an ornate altar of the Wu Jian Council.
    23 | D        | Found a sacrificial altar of Ru.
    23 | D        | Found a stormy altar of Qazlal.
    23 | D        | Found an iron altar of Okawaru.
    23 | D        | Found a sparkling altar of Nemelex Xobeh.
    23 | D        | Found a burning altar of Makhleb.
    23 | D        | Found a blossoming altar of Fedhas.
    23 | D        | Found a white marble altar of Elyvilon.
    23 | D        | Found a shadowy altar of Dithmenos.
    23 | D        | Found a snail-covered altar of Cheibriados.
    26 | D        | Found a corrupted altar of Lugonu.
    26 | D        | Found a radiant altar of Vehumet.
    63 | D        | Reached ** piety under Trog
    67 | D        | Reached XP level 2. HP: 25/25 MP: 2/2
    75 | D        | Reached *** piety under Trog
    76 | D        | Reached skill level 5 in Polearms
   276 | D        | Noticed a scorpion
   285 | D        | Killed a scorpion
   286 | D        | Reached skill level 5 in Fighting
   286 | D        | Reached skill level 5 in Dodging
   286 | D        | Reached XP level 3. HP: 15/33 MP: 3/3
   286 | D        | Reached XP level 4. HP: 18/39 MP: 4/4
   592 | D        | Reached **** piety under Trog
   667 | D        | Noticed a kobold brigand
   675 | D        | Killed a kobold brigand
   676 | D        | Reached XP level 5. HP: 32/47 MP: 5/5
   677 | D        | Noticed a floating eye
   677 | D        | Noticed a fire bat
   677 | D        | Noticed a warg
   680 | D        | Killed a fire bat
   681 | D        | Reached skill level 5 in Armour
   681 | D        | Reached XP level 6. HP: 40/56 MP: 6/6
   681 | D        | Killed a floating eye
   681 | D        | Reached ***** piety under Trog
   682 | D        | Reached skill level 10 in Polearms
   686 | D        | Killed a warg
   687 | D        | Reached skill level 10 in Dodging
   687 | D        | Reached XP level 7. HP: 17/63 MP: 7/7
  1025 | D        | Noticed a komodo dragon
  1029 | D        | Killed a komodo dragon
  1208 | D        | Noticed a flying skull
  1208 | D        | Noticed Sigmund
  1208 | D        | Noticed Jessica
  1210 | D        | Killed Jessica
  1221 | D        | Killed Sigmund
  1221 | D        | Received a gift from Trog
  1222 | D        | Reached skill level 10 in Fighting
  1222 | D        | Reached XP level 8. HP: 68/72 MP: 8/8
  1235 | D        | Killed a flying skull
  1462 | D        | Found a hide-covered altar of Uskayaw.
  1462 | D        | Found an ancient bone altar of Kikubaaqudgha.
  1462 | D        | Found a broken altar of Ashenzari.
  1500 | D        | Noticed a shadow
  1500 | D        | Noticed a shadow
  1505 | D        | Killed a shadow
  1505 | D        | Reached ****** piety under Trog
  1509 | D        | Killed a shadow
  1657 | D        | Noticed a guardian mummy
  1657 | D        | Noticed a gargoyle
  1663 | D        | Killed a guardian mummy
  1663 | D        | Received a gift from Trog
  1664 | D        | Reached XP level 9. HP: 16/81 MP: 9/9
  1665 | D        | HP: 3/121 [poisoned by a redback]
  1666 | D        | Killed a gargoyle
  1666 | D        | Succumbed to a redback's poison

Illustrated notes

Levels and vault maps discovered:
D:        pitsprint [storerooms_1, entrance_room_1, metal_vault_2, armoury_2,
          mini_pit_1, grid_room_1, main_hall_1, silver_pit, the_coven_3,
          the_vestibule_1, steel_vault_2, golden_pit, hallway_of_sentries,
          crystal_vault_2, iron_vault_4, final_vault]

Skill      XL: |  1  2  3  4  5  6  7  8 |
---------------+-------------------------+-----
Dodging        | 3 5 7 8 10 11 13 | 13.3
Armour         | 2 3 4 5 6 7 |  7.9
Fighting       | 5 6 7 8 10 11 | 11.5
Polearms       | 6 7 9 10 12 13 | 13.6

Action                   |  1- 3 |  4- 6 |  7- 9 || total
-------------------------+-------+-------+-------++-------
Melee: Trident           |    18 |    23 |    31 ||    72
       Spear             |     5 |       |       ||     5
       Glaive            |       |       |    23 ||    23
Invok: Berserk           |       |     1 |     2 ||     3
 Stab: Sleeping          |     1 |       |       ||     1
Armor: Animal skin       |     4 |     2 |       ||     6
       Chain mail        |       |     5 |     8 ||    13
       Plate armour      |       |       |     7 ||     7
Dodge: Dodged            |    15 |     9 |    26 ||    50

Table legend: (Time is in decaauts)
 A = Elapsed time spent in this place.
 B = Non-inter-level travel time spent in this place.
 C = Inter-level travel time spent in this place.
 D = Time resting spent in this place.
 E = Time spent auto-exploring this place.
 F = Levels seen in this place.
 G = Mean time per level.
                   A        B        C        D        E       F      G
               +--------+--------+--------+--------+--------+-----+--------+
         Total |   1678 |   1659 |     19 |   1244 |     67 |   1 | 1678.0 |
       Dungeon |   1678 |   1659 |     19 |   1244 |     67 |   1 | 1678.0 |
               +--------+--------+--------+--------+--------+-----+--------+

Top non-repeatable levels by time:
       D: 1678 daAuts
